 Dungeon Crawl Stone Soup version 0.31.0-12-g77e489cdc1 (webtiles) character file.

Game seed: 16634217492856957533

183517 yogurtking the Hand of Fortune (level 18, -1/153 (159) HPs)
             Began as a Hill Orc Fighter on Feb 20, 2024.
             Was the Champion of Nemelex Xobeh.
             Slain by a spectral five-headed hydra (4 damage)
             ... on level 4 of the Swamp on Feb 21, 2024.
             The game lasted 02:00:47 (28285 turns).

yogurtking the Hand of Fortune (Hill Orc Fighter)  Turns: 28285, Time: 02:00:47

HP:   -1/153 (159)  AC: 27    Str: 27    XL:     18   Next: 37%
MP:   26/33         EV:  8    Int:  8    God:    Nemelex Xobeh [******]
Gold: 2136          SH: 16    Dex: 13    Spells: 17/17 levels left

rFire   x . .        H - +4 broad axe (heavy)
rCold   + . .        W - +4 kite shield
rNeg    . . .        b - +2 chain mail {rPois}
rPois   +            d - +2 helmet
rElec   .            S - +2 cloak {rCorr}
rCorr   +            v - +2 pair of gloves
SInv    .            M - +2 pair of boots {rampage}
Will    ++...        p - amulet of faith Stlth
                     c - ring of ice
HPRegen 0.45/turn    Y - ring of Xeudghupt {^Drain Will+ rCorr Dex+3}
MPRegen 0.23/turn

%: rampage, faith
@: lethally poisoned (-1 -> -5), hasted, studying 2 skills, lightly drained,
very quick
A: no striking features
a: Renounce Religion, Draw Escape, Draw Destruction, Draw Summoning, Triple
Draw, Deal Four, Stack Five


You were on level 4 of the Swamp.
You worshipped Nemelex Xobeh.
Nemelex Xobeh was exalted by your worship.
You visited 5 branches of the dungeon, and saw 27 of its levels.
You also visited: Ossuary and Gauntlet.

You collected 3061 gold pieces.
You spent 925 gold pieces at shops.

Inventory:

Hand Weapons
 H - a +4 heavy broad axe (weapon)
 N - the +1 dagger of Reinforcement {antimagic, rPois rF+ rN+ Str+3}
   (You found it on level 2 of the Swamp)

   Str+3:     It affects your strength (+3).
   rF+:       It protects you from fire.
   rPois:     It protects you from poison rN+: It protects you from negative
   energy.
 X - a +1 war axe of flaming
Missiles
 h - 19 javelins (quivered)
 t - 3 silver javelins
 B - 5 throwing nets
Armour
 a - the +4 pair of gloves "Ighutu" {+Blink rElec rF- Will-}
   (You found it in a Gauntlet)

   rF-:       It makes you vulnerable to fire.
   rElec:     It insulates you from electricity.
   Will-:     It decreases your willpower.
   +Blink:    It lets you blink.
 b - a +2 chain mail of poison resistance (worn)
 d - a +2 helmet (worn)
 v - a +2 pair of gloves (worn)
 G - +2 fire dragon scales
 M - a +2 pair of boots of rampaging (worn)
 Q - the +0 pair of gloves of the World {rC- rN++ Will+ Str+2}
   (You found it on level 10 of the Dungeon)

   Str+2:     It affects your strength (+2).
   rC-:       It makes you vulnerable to cold.
   rN++:      It greatly protects you from negative energy.
   Will+:     It increases your willpower.
 S - a +2 cloak of preservation (worn)
 W - a +4 kite shield (worn)
Jewellery
 c - a ring of ice (left hand)
 m - a +4 ring of protection
 p - an amulet of faith (around neck)
 q - a ring of willpower
 y - a ring of flight
 U - an amulet of regeneration
 Y - the ring of Xeudghupt (right hand) {^Drain Will+ rCorr Dex+3}
   (You found it on level 2 of the Orcish Mines)

   [ring of willpower]

   Dex+3:     It affects your dexterity (+3).
   Will+:     It increases your willpower.
   rCorr:     It protects you from acid and corrosion.
   ^Drain:    It drains your maximum health when unequipped.
Wands
 g - a wand of quicksilver (4)
 k - a wand of flame (106)
 w - a wand of mindburst (6)
 I - a wand of digging (10)
 K - a wand of paralysis (12)
 O - a wand of roots (23)
Scrolls
 i - 14 scrolls of teleportation
 j - 4 scrolls of silence
 x - 10 scrolls of fog
 E - 6 scrolls of poison
 J - 3 scrolls of fear
 L - 7 scrolls of revelation
 T - 2 scrolls of summoning
Potions
 e - 13 potions of curing
 f - 6 potions of haste
 l - 2 potions of lignification
 n - 8 potions of invisibility
 o - 3 potions of ambrosia
 r - a potion of magic
 s - 4 potions of might
 u - a potion of mutation
 z - 9 potions of heal wounds
 A - 2 potions of resistance {unknown}
 C - 5 potions of berserk rage {unknown}
 D - a potion of enlightenment {unknown}
 F - 2 potions of attraction {unknown}
 P - 4 potions of cancellation {unknown}
 R - 3 potions of brilliance {unknown}
Miscellaneous
 V - a box of beasts


   Skills:
 + Level 13.8 Fighting
 + Level 21.8 Axes
 - Level 10.0 Throwing
 - Level 10.0 Armour
 + Level 13.3 Shields
 + Level 22.4 Invocations


You had 17 spell levels left.
You didn't know any spells.
Your spell library contained the following spells:

 Spells                   Type           Power      Damage    Failure   Level
 Freeze                   Ice            0%         1d3       94%         1
 Kiss of Death            Conj/Necr      0%         2d5       94%         1
 Slow                     Hex            0%         N/A       94%         1
 Blink                    Tloc           0%         N/A       98%         2
 Cigotuvi's Dreadful Rot  Necr/Alch/Air  0%         N/A       98%         2
 Ensorcelled Hibernation  Hex/Ice        0%         N/A       98%         2
 Jinxbite                 Hex            0%         N/A       98%         2
 Lesser Beckoning         Tloc           0%         N/A       98%         2
 Momentum Strike          Conj/Tloc      0%         3d8       98%         2
 Confusing Touch          Hex            0%         N/A       100%        3
 Frozen Ramparts          Ice            0%         1d1       100%        3
 Fugue of the Fallen      Necr           0%         N/A       100%        3
 Hailstorm                Conj/Ice       0%         3d5       100%        3
 Passwall                 Erth           0%         N/A       100%        3
 Sigil of Binding         Hex            0%         N/A       100%        3
 Swiftness                Air            0%         N/A       100%        3
 Vampiric Draining        Necr           0%         2d6       100%        3
 Anguish                  Hex/Necr       0%         N/A       100%        4
 Cause Fear               Hex            0%         N/A       100%        4
 Dispel Undead            Necr           0%         3d6       100%        4
 Ignite Poison            Fire/Alch      0%         N/A       100%        4
 Freezing Cloud           Conj/Ice/Air   0%         6-21      100%        5
 Iskenderun's Battlesphe  Conj           0%         2d6       100%        5
 Bombard                  Conj/Erth      0%         9d1       100%        6
 Enfeeble                 Hex            0%         N/A       100%        7
 Malign Gateway           Summ/Tloc      0%         N/A       100%        7
 Spellforged Servitor     Conj/Summ      0%         N/A       100%        7
 Summon Horrible Things   Summ           0%         N/A       100%        8
 Dragon's Call            Summ           0%         N/A       100%        9


Dungeon Overview and Level Annotations

Branches:
Dungeon (15/15)            Temple (1/1) D:6            Lair (5/5) D:10
  Swamp (4/4) Lair:2       Spider (0/4) Lair:2        Slime (0/5) Lair:5
    Orc (2/2) D:12            Elf (0/3) Orc:2        Vaults (0/5) D:13
 Depths (0/4) D:15        Ossuary (visited)         Gauntlet (visited)

Altars:
Ashenzari
Cheibriados
Dithmenos
Elyvilon
Fedhas
Gozag
Hepliaklqana
Kikubaaqudgha
Makhleb
Nemelex Xobeh
Okawaru
Qazlal
Ru
Sif Muna
Trog
Uskayaw
Vehumet
Wu Jian
Xom
Yredelemnul
Zin
The Shining One
Beogh

Shops:
D:11 !   D:12 =:[[:   Orc:1 *   Orc:2 ((:(

Annotations:
D:2 1 runed translucent door, Crazy Yiuf
D:4 exclusion: statue
Orc:1 2 transporters, Maimakterion's ghost, journeyman GrFi


Message History

You slice the swamp dragon skeleton!!
You destroy the swamp dragon skeleton!
You slash the freezing wraith!
You are engulfed in dark miasma.
You feel yourself slow down.
* * * LOW HITPOINT WARNING * * *
You feel very sick.
The freezing wraith hits you but does no damage.
The freezing wraith barely misses you.
You closely miss the freezing wraith.
The freezing wraith is almost destroyed.
You are engulfed in dark miasma.
* * * LOW HITPOINT WARNING * * *
You feel very sick.
A swamp drake zombie comes into view.
The spectral five-headed hydra is engulfed in freezing vapours.
You block the spectral five-headed hydra's attack. x2
The spectral five-headed hydra bites you but does no damage. x2
The spectral five-headed hydra barely misses you.
You feel yourself speed up.
You feel very sick.
You block the spectral five-headed hydra's attack.
The spectral five-headed hydra bites you but does no damage.
The spectral five-headed hydra bites you.
* * * LOW HITPOINT WARNING * * *
You feel drained.
* * * LOW HITPOINT WARNING * * *
The spectral five-headed hydra bites you but does no damage.
The spectral five-headed hydra closely misses you.
You draw a card...
You have drawn Velocity.
The ghoul seems to slow down.
The freezing wraith seems to slow down.
The ghoul seems to slow down.
The swamp drake zombie seems to slow down.
You feel yourself speed up.
You feel sick.
You block the spectral five-headed hydra's attack. x3
The spectral five-headed hydra barely misses you.
The spectral five-headed hydra bites you!
* * * LOW HITPOINT WARNING * * *
You feel drained.
You die...
Your body glows slightly and disappears.

~~~~~~~~~♣♣ ♣~~~...~~~###..f#♣~
~~~~~~~~~~♣♣♣♣♣~).~~~~~~..~~.)~~~
.~...~§~~..♣.~~♣♣.~~~~...♣~.~.~~.
♣♣<......~.~.~~~~.~~~~~.♣♣♣♣~..~♣
♣♣.....~♣~........~~~~~..~♣ ~~~.♣
♣♣♣~......~~~..§~~~~~~...♣♣~~~~.♣
♣ ♣♣.?.~~~~~~~~~~~~.~~Z~.......~♣
♣♣♣♣~~~~~~~~~§~##Z~.~~.♣.~..♣♣♣♣♣
~~.♣~~~~~~~~~~~.@nWn~~~♣ ♣
~§~.~~§<.~§.~~~###~~~.♣♣
(~~..~§♣♣♣♣....~...~.♣♣ ~.~...♣♣
♣♣♣♣♣♣.~♣~♣♣ ♣.~~.♣♣ ♣♣♣♣♣♣
♣♣.~~♣ ♣♣~♣♣ ♣♣♣


You could see 2 ghouls, a freezing wraith (slow), a spectral five-headed hydra
and a swamp drake zombie (slow).

Vanquished Creatures
  Kirke (Lair:4)
  A ghoul (Swamp:2)
  2 eleionomae (Swamp:2)
  A minotaur (Gauntlet)
  Snorg (Lair:3)
  Josephine (Lair:5)
  A rakshasa (D:15)
  Fannar (Orc:1)
  A catoblepas (Lair:1)
  A merfolk avatar (Lair:5)
  9 hydras
  2 vault guards (D:13)
  5 alligators
  3 ghost crabs
  5 centaur warriors
  4 boulder beetles
  An ogre mage (Orc:1)
  2 tengu warriors (D:14)
  4 two-headed ogres
  2 death yaks
  4 orc high priests (Orc:2)
  A shock serpent (shapeshifter) (Swamp:4)
  An occultist (D:15)
  Urug (Lair:4)
  A spriggan berserker (Swamp:3)
  A skeletal warrior (D:14)
  4 skysharks
  2 goliath frogs
  3 swamp dragons
  5 arcanists
  2 spriggan druids
  A death drake (Swamp:3)
  Pikel (D:7)
  2 bog bodies (Swamp:1)
  A deep elf zephyrmancer (D:15)
  2 necromancers
  4 orc knights (Orc:2)
  18 ugly things
  3 orc sorcerers
  4 manticores
  4 will-o-the-wisps
  A deep elf pyromancer (D:15)
  2 moths of wrath (Swamp:2)
  7 cyclopes
  Maurice (D:7)
  6 meliai
  5 elephants (Lair:5)
  3 kobold blastminers (Orc:2)
  An eye of devastation (Orc:2)
  6 black mambas
  A torpor snail (Lair:4)
  19 cane toads
  3 unseen horrors
  2 kobold demonologists
  Jeremiah (D:7)
  14 komodo dragons
  4 rime drakes
  5 yaktaurs
  3 tengu conjurers (D:14)
  A yaktaur (shapeshifter) (D:14)
  An efreet (D:14)
  4 polar bears
  7 hornets
  11 trolls
  8 blink frogs
  6 tyrant leeches
  A glass eye (Swamp:4)
  3 snapping turtles (Lair:5)
  7 dream sheep (Lair:3)
  7 slime creatures
  A jumping spider (Lair:2)
  A yak (shapeshifter) (D:14)
  A fire bat (shapeshifter) (D:13)
  58 yaks
  11 spriggans
  8 wraiths
  3 basilisks
  A vampire (D:14)
  5 wyverns
  2 hogs
  15 humans (D:13)
  3 redbacks (Lair:2)
  6 wargs (Orc:2)
  5 vampire mosquitoes
  3 steam dragons
  18 swamp worms
  11 water moccasins
  2 acid dragons
  A hydra simulacrum (Swamp:4)
  Duvessa (D:7)
  38 orc warriors
  2 sky beasts
  4 swamp drakes
  2 ice beasts (D:7)
  2 black bears (D:10)
  A laughing skull (D:14)
  5 boggarts
  A crocodile (shapeshifter) (D:14)
  6 wolves (Lair:4)
  12 ogres
  4 lemures (D:7)
  12 centaurs
  A swamp dragon skeleton (Swamp:4)
  A phantom (D:6)
  22 bullfrogs
  4 elf zombies (Ossuary)
  A weeping skull (Ossuary)
  A gnoll sergeant (D:9)
  A scorpion (D:6)
  9 wights
  Dowan (D:7)
  A burial acolyte (Ossuary)
  15 killer bees
  2 electric eels
  A bombardier beetle (Orc:2)
  5 howler monkeys
  A centaur zombie (Ossuary)
  7 jellies
  31 orc priests
  2 hounds (D:5)
  Jessica (D:2)
  An iguana (D:7)
  11 orc wizards
  A scorpion zombie (D:4)
  5 hound zombies
  2 mummies (Ossuary)
  Robin (D:3)
  8 gnolls
  4 adders
  2 shadow imps (D:7)
  3 white imps
  2 ufetubi (D:7)
  3 dart slugs
  A ribbon worm (D:4)
  83 orcs
  9 ball pythons
  4 bats
  6 endoplasms
  8 giant cockroaches
  3 gnoll zombies (Ossuary)
  26 goblins
  9 hobgoblins
  9 jackals
  4 quokkas
  2 frilled lizards
  13 kobolds
  3 orc zombies (Ossuary)
  5 rats
833 creatures vanquished.

Vanquished Creatures (collateral kills)
  A fenstrider witch (Swamp:1)
  2 ghouls (Swamp:2)
  An orc warlord (Orc:2)
  The ghost of Gadfly the Unseen, an adept SpEn of Gozag (Swamp:2)
  A bunyip (Swamp:3)
  A rakshasa (D:15)
  A hydra (Swamp:2)
  A centaur warrior (D:15)
  2 two-headed ogres (Orc:1)
  A spriggan druid (Swamp:3)
  A lindwurm (Swamp:4)
  8 ugly things
  A will-o-the-wisp (Swamp:2)
  Joseph (D:9)
  A water nymph (Swamp:4)
  A gargoyle (D:14)
  2 slime creatures
  A centaur skeleton (D:15)
  A yaktaur (D:15)
  A queen bee (Swamp:4)
  2 tyrant leeches
  2 hornets
  A meliai zombie (D:15)
  3 spriggans
  A hog (Lair:4)
  2 swamp worms
  4 orc warriors
  A swamp drake (Swamp:3)
  A hornet zombie (D:15)
  An orc priest (Orc:2)
  An orc wizard (Orc:2)
  3 orcs
52 creatures vanquished.

Vanquished Creatures (others)
  A bloated husk (Swamp:4)
  2 humans (Lair:4)
  A burial acolyte (Ossuary)
  An orc priest (Orc:2)
  A ball python (Swamp:4)
  A goblin (Swamp:4)
  2 frilled lizards (Swamp:4)
  A rat (Swamp:4)
  11 foxfires
21 creatures vanquished.

Grand Total: 906 creatures vanquished

Notes
Turn   | Place    | Note
-------+----------+-------------------------------------------
     0 | D:1      | yogurtking the Hill Orc Fighter began the quest for the
                  | Orb.
     0 | D:1      | Reached XP level 1. HP: 19/19 MP: 1/1
    76 | D:1      | Reached XP level 2. HP: 25/27 MP: 2/2
   238 | D:1      | Reached XP level 3. HP: 15/33 MP: 3/3
  1260 | D:2      | Noticed Jessica
  1273 | D:2      | Killed Jessica
  1274 | D:2      | Reached XP level 4. HP: 7/41 MP: 4/4
  1572 | D:2      | Found a runed translucent door.
  1573 | D:2      | Noticed Crazy Yiuf
  1732 | D:3      | Noticed Robin
  1754 | D:3      | Killed Robin
  1868 | D:3      | Reached XP level 5. HP: 47/47 MP: 5/5
  2606 | D:3      | Reached skill level 5 in Fighting
  2640 | D:3      | Reached XP level 6. HP: 50/56 MP: 6/6
  2995 | D:4      | Found a hide-covered altar of Uskayaw.
  3126 | D:4      | Reached skill level 5 in Axes
  3130 | D:4      | Found a basalt altar of Yredelemnul.
  3338 | D:4      | Found a radiant altar of Vehumet.
  3489 | D:5      | Entered Level 5 of the Dungeon
  3512 | D:5      | Found an opulent altar of Gozag.
  3565 | D:5      | Reached skill level 5 in Shields
  4165 | D:6      | Found a staircase to the Ecumenical Temple.
  4175 | Temple   | Entered the Ecumenical Temple
  4217 | Temple   | Became a worshipper of Nemelex Xobeh the Trickster
  4277 | D:6      | Noticed an orc warrior
  4324 | D:5      | Reached skill level 5 in Armour
  4324 | D:5      | Reached XP level 7. HP: 61/61 MP: 7/7
  4418 | D:6      | Reached skill level 1 in Invocations
  4528 | D:6      | Found a sand-covered staircase.
  4535 | Ossuary  | Entered an ossuary
  4629 | Ossuary  | Found an ancient bone altar of Kikubaaqudgha.
  4661 | Ossuary  | Reached skill level 2 in Invocations
  4707 | Ossuary  | Reached XP level 8. HP: 70/70 MP: 8/10
  4785 | Ossuary  | Reached skill level 3 in Invocations
  5154 | D:6      | Reached skill level 4 in Invocations
  5627 | D:6      | Reached * piety under Nemelex Xobeh
  5719 | D:6      | Noticed a yak
  5719 | D:6      | Noticed a yak
  5720 | D:6      | Noticed a yak
  5728 | D:6      | Killed a yak
  5734 | D:6      | Killed a yak
  5735 | D:6      | Reached skill level 5 in Invocations
  5735 | D:6      | Reached XP level 9. HP: 71/79 MP: 12/12
  5988 | D:7      | Received a gift from Nemelex Xobeh
  6180 | D:7      | Noticed Jeremiah
  6194 | D:7      | Killed Jeremiah
  6195 | D:7      | Reached skill level 6 in Invocations
  6416 | D:7      | Noticed Pikel
  6425 | D:7      | Noticed Maurice
  6432 | D:7      | Killed Pikel
  6448 | D:7      | Killed Maurice
  6449 | D:7      | Reached skill level 7 in Invocations
  6449 | D:7      | Reached XP level 10. HP: 90/90 MP: 15/15
  6558 | D:7      | Noticed Duvessa
  6561 | D:7      | Noticed Dowan
  6577 | D:7      | Killed Duvessa
  6581 | D:7      | Killed Dowan
  6722 | D:7      | Reached ** piety under Nemelex Xobeh
  6892 | D:8      | Found an ornate altar of the Wu Jian Council.
  6906 | D:8      | Reached skill level 8 in Invocations
  7197 | D:8      | Reached skill level 10 in Axes
  7495 | D:8      | Received a gift from Nemelex Xobeh
  7587 | D:8      | Found a blossoming altar of Fedhas.
  8372 | D:9      | Reached skill level 10 in Fighting
  8379 | D:9      | Reached skill level 9 in Invocations
  8426 | D:9      | Found a shimmering altar of Xom.
  8713 | D:9      | Reached *** piety under Nemelex Xobeh
  8738 | D:9      | Noticed Joseph
  8756 | D:9      | Killed Joseph
  8757 | D:9      | Reached XP level 11. HP: 45/99 MP: 12/18
  9134 | D:10     | Entered Level 10 of the Dungeon
  9186 | D:10     | Noticed a two-headed ogre
  9191 | D:10     | Killed a two-headed ogre
  9192 | D:10     | Reached skill level 10 in Armour
  9192 | D:10     | Reached skill level 10 in Invocations
  9304 | D:10     | Noticed a two-headed ogre
  9334 | D:10     | Killed a two-headed ogre
  9528 | D:10     | Reached skill level 11 in Invocations
  9673 | D:10     | Found a staircase to the Lair.
 10238 | D:10     | Identified the +0 pair of gloves of the World {rC- rN++
                  | Will+ Str+2}
 10651 | D:11     | Received a gift from Nemelex Xobeh
 10838 | D:11     | Found Nomm's Distillery.
 10897 | D:11     | Reached skill level 12 in Invocations
 11032 | D:11     | Noticed a cyclops
 11042 | D:11     | Killed a cyclops
 11197 | D:12     | Noticed a boulder beetle
 11218 | D:12     | Killed a boulder beetle
 11401 | D:12     | Found a roughly hewn altar of Beogh.
 11401 | D:12     | Found a staircase to the Orcish Mines.
 11436 | D:12     | Found Zidda's Book Emporium.
 11495 | D:12     | Reached XP level 12. HP: 78/106 MP: 21/21
 11589 | D:12     | Found Zicemee's Jewellery Shoppe.
 11592 | D:12     | Bought an amulet of regeneration for 510 gold pieces
 11618 | D:12     | Received a gift from Nemelex Xobeh
 11703 | D:12     | Found Yhemm's Antique Armour Shop.
 11745 | D:12     | Reached **** piety under Nemelex Xobeh
 11772 | D:12     | Reached skill level 13 in Invocations
 11856 | D:12     | Found Qararif's Antique Armour Boutique.
 11863 | D:12     | Bought a kite shield for 121 gold pieces
 11967 | D:12     | Found Xenic's Book Emporium.
 12126 | Orc:1    | Entered Level 1 of the Orcish Mines
 12146 | Orc:1    | Found Aresi's Gadget Gallery.
 12150 | Orc:1    | Noticed a two-headed ogre
 12150 | Orc:1    | Noticed a two-headed ogre
 12150 | Orc:1    | Noticed Fannar
 12154 | Orc:1    | Received a gift from Nemelex Xobeh
 12154 | Orc:1    | Noticed an ogre mage
 12161 | Orc:1    | Killed Fannar
 12166 | Orc:1    | Killed a two-headed ogre
 12167 | Orc:1    | Killed a two-headed ogre
 12172 | Orc:1    | Killed an ogre mage
 12173 | Orc:1    | Reached skill level 15 in Axes
 12173 | Orc:1    | Reached skill level 14 in Invocations
 12316 | Orc:1    | Found a transporter.
 12316 | Orc:1    | Noticed Maimakterion's ghost (journeyman GrFi)
 12320 | Orc:1    | Noticed an orc high priest
 12338 | Orc:1    | Found a transporter.
 12513 | Orc:2    | Entered Level 2 of the Orcish Mines
 12517 | Orc:2    | Noticed a two-headed ogre
 12521 | Orc:2    | a two-headed ogre changed into a cane toad
 12862 | Orc:1    | Received a gift from Nemelex Xobeh
 13031 | Orc:2    | Found a roughly hewn altar of Beogh.
 13081 | Orc:2    | Reached skill level 15 in Invocations
 13152 | Orc:2    | Found Goheni's Antique Weapon Boutique.
 13152 | Orc:2    | Noticed an orc warlord
 13182 | Orc:2    | Killed an orc warlord
 13353 | Orc:2    | Reached XP level 13. HP: 75/113 MP: 24/24
 13411 | Orc:2    | Found Jomysioxo's Book Shop.
 13677 | Orc:2    | Reached skill level 16 in Invocations
 13724 | Orc:2    | Received a gift from Nemelex Xobeh
 13861 | Orc:2    | Identified the ring of Xeudghupt {^Drain Will+ rCorr Dex+3}
 14036 | Orc:2    | Noticed an orc warlord
 14046 | Orc:2    | an orc warlord changed into an eye of devastation
 14218 | Orc:2    | Reached skill level 1 in Throwing
 14378 | Orc:2    | Found Gaow Ypn's Weapon Emporium.
 14688 | Orc:2    | Found Bagiam's Antique Weapon Shop.
 14711 | Orc:2    | Found a roughly hewn altar of Beogh.
 14840 | Orc:2    | Reached skill level 17 in Invocations
 14851 | Orc:2    | Identified the ring of Sif Muna's Castigation {rPois Will-
                  | Str+4 Dex+5}
 14917 | Orc:2    | Found a staircase to the Elven Halls.
 15441 | Lair:1   | Entered Level 1 of the Lair of Beasts
 15604 | D:12     | Bought a pair of transparent boots for 294 gold pieces
 15604 | D:12     | Identified the +1 pair of boots of the Mertaur {Int+4} (You
                  | bought it in a shop on level 12 of the Dungeon)
 15892 | Lair:1   | Received a gift from Nemelex Xobeh
 15928 | Lair:1   | Reached ***** piety under Nemelex Xobeh
 16072 | Lair:1   | Reached skill level 10 in Shields
 16367 | Lair:2   | Reached XP level 14. HP: 118/121 MP: 26/26
 16417 | Lair:2   | Found a hole to the Spider Nest.
 16495 | Lair:3   | Reached skill level 5 in Throwing
 16511 | Lair:3   | Reached skill level 18 in Invocations
 16612 | Lair:3   | Found a gate leading to a gauntlet.
 16621 | Gauntlet | Entered a Gauntlet
 16621 | Gauntlet | Found a transporter.
 16621 | Gauntlet | Found a transporter.
 16633 | Gauntlet | Found a transporter.
 16633 | Gauntlet | Found a transporter.
 16636 | Gauntlet | Found a transporter.
 16646 | Gauntlet | Found a transporter.
 16650 | Gauntlet | Found a transporter.
 16663 | Gauntlet | Found a transporter.
 16665 | Gauntlet | Found a transporter.
 16671 | Gauntlet | Found a transporter.
 16776 | Gauntlet | Found a transporter.
 16798 | Gauntlet | Found a transporter.
 16885 | Gauntlet | Identified the +0 cloak of Macaroni {Int+6}
 16933 | Gauntlet | Got the Handbook of the Evil Eye and Illusion
 16934 | Gauntlet | Identified the +4 pair of gloves "Ighutu" {+Blink rElec rF-
                  | Will-}
 16954 | Gauntlet | Identified the +3 sling of the Two Names {freeze, Str+5
                  | Int+3}
 17680 | Lair:3   | Noticed Snorg
 17686 | Lair:3   | Killed Snorg
 18069 | Lair:2   | Reached skill level 19 in Invocations
 18101 | Lair:2   | Received a gift from Nemelex Xobeh
 18103 | Lair:2   | Found a staircase to the Swamp.
 19088 | Lair:4   | Received a gift from Nemelex Xobeh
 19167 | Lair:4   | Noticed Kirke
 19178 | Lair:4   | Killed Kirke
 19179 | Lair:4   | Reached XP level 15. HP: 122/126 MP: 28/28
 19445 | Lair:4   | Noticed Urug
 19456 | Lair:4   | Killed Urug
 19797 | Lair:5   | Entered Level 5 of the Lair of Beasts
 19949 | Lair:5   | Noticed Josephine
 19953 | Lair:5   | Reached skill level 20 in Invocations
 19958 | Lair:5   | Killed Josephine
 20171 | Lair:5   | Received a gift from Nemelex Xobeh
 20207 | Lair:5   | Found a staircase to the Slime Pits.
 20592 | Lair:5   | Reached ****** piety under Nemelex Xobeh
 21025 | D:13     | Received a gift from Nemelex Xobeh
 21229 | D:13     | Found a white marble altar of Elyvilon.
 21310 | D:13     | Identified the +3 pair of boots of the Goldsmith {Dex+2}
 21603 | D:13     | Found a gate to the Vaults.
 21613 | D:13     | Received a gift from Nemelex Xobeh
 21687 | D:13     | Identified the +2 robe "Foin" {+Inv Str+4 Stlth-}
 21972 | D:14     | Received a gift from Nemelex Xobeh
 22153 | D:14     | Identified a scroll of acquirement
 22153 | D:14     | Acquired a manual of Axes
 22242 | D:14     | Reached XP level 16. HP: 126/135 MP: 30/30
 22763 | D:14     | Reached skill level 10 in Throwing
 22768 | D:14     | Reached skill level 21 in Invocations
 22939 | D:14     | Received a gift from Nemelex Xobeh
 23222 | D:14     | Found an ancient bone altar of Kikubaaqudgha.
 23491 | D:15     | Entered Level 15 of the Dungeon
 23704 | D:15     | Received a gift from Nemelex Xobeh
 23863 | D:15     | Found a shadowy altar of Dithmenos.
 23934 | D:15     | Acquired 560 gold pieces
 24232 | D:15     | Received a gift from Nemelex Xobeh
 24248 | D:15     | Found a staircase to the Depths.
 25002 | Swamp:1  | Entered Level 1 of the Swamp
 25050 | Swamp:1  | Noticed a fenstrider witch
 25055 | Swamp:1  | Killed a fenstrider witch
 25253 | Swamp:1  | Noticed Frances
 25258 | Swamp:1  | Frances changed into Frances the manticore
 25258 | Swamp:1  | Noticed Frances
 25263 | Swamp:1  | Killed Frances the manticore
 25326 | Swamp:1  | Received a gift from Nemelex Xobeh
 26007 | Swamp:2  | Received a gift from Nemelex Xobeh
 26035 | Swamp:2  | Found a large runed translucent door.
 26035 | Swamp:2  | Found a large runed translucent door.
 26036 | Swamp:2  | Noticed Gadfly's ghost (adept SpEn)
 26045 | Swamp:2  | Killed Gadfly's ghost
 26050 | Swamp:2  | Identified the +1 dagger of Reinforcement {antimagic, rPois
                  | rF+ rN+ Str+3}
 26093 | Swamp:2  | Reached XP level 17. HP: 95/148 MP: 31/31
 26277 | Swamp:2  | Received a gift from Nemelex Xobeh
 26285 | Swamp:2  | Reached skill level 22 in Invocations
 26285 | Swamp:2  | Reached XP level 18. HP: 154/157 MP: 31/33
 26980 | Swamp:2  | Identified the +0 lajatang "Mefasiadou" {antimagic, *Noise
                  | rPois rC+}
 27638 | Swamp:4  | Entered Level 4 of the Swamp
 27716 | Swamp:4  | Received a gift from Nemelex Xobeh
 27977 | Swamp:4  | Identified the +3 demon trident "Foostrog" {drain, *Rage
                  | rElec MP+9 Str+3}
 27982 | Swamp:4  | HP: 7/159 [six-headed hydra simulacrum (57)]
 28285 | Swamp:4  | HP: 3/157 [spectral five-headed hydra (9)]
 28285 | Swamp:4  | Slain by a spectral five-headed hydra

Illustrated notes

Levels and vault maps discovered:
D:1:      wheals_arrival_shading, layout_loops_ring, minmay_tetromino_s4
D:2:      layout_basic, uniq_jessica, uniq_crazy_yiuf_cottage
D:3:      layout_basic, serial_glass, glass_columns_a, glass_columns_a,
          glass_columns_b, glass_columns_b, glass_columns_a, glass_columns_b,
          uniq_robin
D:4:      layout_basic, eat_drink_and_be_merry_uskayaw, vehumet_statue,
          lemuel_zombie_altar_yredelemnul, hangedman_decor_points,
          minmay_misc_feat_enclosed, st_stairs_8, minmay_fractal_squares_5
D:5:      layout_cave_pools, grunt_gozag_breadcrumbs, minmay_holes,
          minmay_statues_item
D:6:      layout_loops_corners, minmay_temple_entry_steel_oval, enter_ossuary_3,
          serial_bayou_lagoon_a, chequers_serial_rivers_small_3,
          chequers_serial_rivers_micro_d
D:7:      minmay_spotlight, layout_basic, chequers_serial_rivers_micro_c,
          st_stairs_6, uniq_pikel, uniq_maurice, uniq_jeremiah, uniq_duvessa
D:8:      layout_layer_cave, marbit_many_paths, nzn_wu_jian_council_hall
D:9:      layout_loops_ring, xom_butterflies, uniq_joseph
D:10:     layout_loops_corners, grunt_lair_entry_orc_guard_hut
D:11:     layout_roguey, serial_shops, shop, serial_park_tiny_2
D:12:     layout_roguey, david_orc_5, serial_shops,
          nicolae_shop_window_shopping, nicolae_shop_crystal, shop,
          nicolae_shop_stone, nicolae_stop_n_shop_2
D:13:     layout_basic, grunt_vaults_entry_tiered, grunt_decor_fettered,
          elyvilon_altar_3
D:14:     layout_loops_corners, old_standard_altar, minmay_joined_circles
D:15:     grunt_enter_depths_magical_seal, layout_grid_maze,
          grunt_dithmenos_smoke_and_mirrors
Temple:   regret_index_temple_generic_petals
Lair:1:   layout_concentric_octagons
Lair:2:   kb_forest_paths, layout_gridlike, minmay_swamp_entry_wisps,
          spider_nest_entry_a, infiniplex_staircase_pool
Lair:3:   layout_regular_city, gauntlet_entry_generic, st_stairs_4, pond,
          uniq_snorg
Lair:4:   layout_cave_pods, chequers_serial_rivers_small_a, uniq_kirke,
          uniq_urug
Lair:5:   gammafunk_lair_ancient_temple, layout_regular_city,
          nicolae_slime_entry_field_trip, uniq_josephine
Swamp:1:  layout_basic_swamp, nicolae_swamp_oxbows,
          nicolae_swamp_decorative_isthmus, uniq_frances
Swamp:2:  layout_basic_swamp, ebering_ghost_disaster_area,
          nicolae_swamp_tree_designs, swamp_pool_5, worms_lemuel,
          nicolae_swamp_long_stream
Swamp:3:  layout_falls_marsh, evilmike_swamp_ruin_house_4, swamp_pool_1_2,
          infiniplex_staircase_pool_2
Swamp:4:  byrel_swamp_growth_death_and_undeath, layout_basic_swamp
Orc:1:    layout_diamond_mine, gammafunk_ghost_arena, nicolae_shop_gadgets,
          uniq_fannar
Orc:2:    pubby_orc_utopia, serial_shops

Skill      XL: |  1  2  3  4  5  6  7  8  9 10 11 12 13 14 15 16 17 18 |
---------------+-------------------------------------------------------+-----
Axes           | 3 4 5 6 7 9 11 13 16 17 18 20 21 | 21.8
Fighting       | 4 5 6 7 8 10 12 13 | 13.8
Shields        | 4 5 6 10 12 13 | 13.3
Armour         | 4 5 6 8 9 10 | 10.0
Invocations    | 2 5 7 9 12 15 17 19 20 21 22 | 22.4
Throwing       | 4 8 9 10 | 10.0

Action                     |  1- 3 |  4- 6 |  7- 9 | 10-12 | 13-15 | 16-18 || total
---------------------------+-------+-------+-------+-------+-------+-------++-------
  Melee: War axe           |   101 |   177 |   265 |   679 |   580 |    29 ||  1831
         Broad axe         |       |       |       |       |   554 |   346 ||   900
  Throw: Javelin           |       |       |       |       |     2 |       ||     2
 Invoke: Draw Destruction  |       |       |       |    16 |    31 |    32 ||    79
         Draw Summoning    |       |       |       |     4 |     3 |    17 ||    24
         Draw Escape       |       |       |       |     1 |     1 |     5 ||     7
         Draw Stack        |       |       |       |       |     2 |     8 ||    10
         Stack Five        |       |       |       |       |     1 |     1 ||     2
         Deal Four         |       |       |       |       |       |     1 ||     1
  Evoke: Wand              |       |       |     1 |       |     1 |       ||     2
    Use: Potion            |       |     1 |       |       |     1 |     2 ||     4
         Scroll            |       |     3 |    10 |       |    21 |     7 ||    41
   Stab: Petrified         |       |       |       |     4 |       |       ||     4
         Distracted        |       |       |       |       |     1 |     2 ||     3
         Petrifying        |       |       |       |       |       |     1 ||     1
 Armour: Scale mail        |    72 |       |       |       |       |       ||    72
         Plate armour      |       |   152 |   203 |    12 |       |       ||   367
         Chain mail        |       |       |       |   529 |   714 |   359 ||  1602
  Dodge: Dodged            |    42 |    66 |    68 |   214 |   234 |    92 ||   716
  Block: Buckler           |    24 |    54 |    45 |   109 |       |       ||   232
         Kite shield       |       |       |       |    76 |   544 |   315 ||   935
